 Dungeon Crawl Stone Soup version 0.24-a0-520-g8fd06ad0bc (webtiles) character file.

Game seed: 619451081917398887

104 KristoblXynda the Slasher (level 4, -3/36 HPs)
             Began as a Draconian Skald on July 23, 2019.
             Slain by a sky beast (5 damage)
             ... on level 5 of the Dungeon.
             The game lasted 00:03:30 (2400 turns).

KristoblXynda the Slasher (Draconian Skald)         Turns: 2400, Time: 00:03:32

Health: -3/36      AC:  8    Str: 13    XL:     4   Next: 52%
Magic:  2/7        EV: 20    Int: 14    God:
Gold:   122        SH:  0    Dex: 16    Spells: 1/7 levels left

rFire    . . .     SeeInvis .   a - +0 falchion
rCold    . . .     Gourm    .   (no shield)
rNeg     . . .     Faith    .   (armour unavailable)
rPois    .         Spirit   .   (helmet restricted)
rElec    .         Reflect  .   b - scarf {cloud immunity}
rCorr    .         Harm     .   i - +2 pair of gloves
MR       .....                  (no boots)
Stlth    ++........             (no amulet)
HPRegen  0.12/turn              d - +2 ring of evasion
MPRegen  0.10/turn              (no ring)

@: agile
A: unfitting armour, cold-blooded, AC +5
a: no special abilities


You were on level 5 of the Dungeon.
You were not hungry.

You visited 1 branch of the dungeon, and saw 4 of its levels.

You collected 122 gold pieces.

Inventory:

Hand Weapons
 a - a +0 falchion (weapon)
Armour
 b - a scarf of cloud immunity (worn)
 i - a +2 pair of gloves (worn)
Jewellery
 d - a +2 ring of evasion (left hand)
Scrolls
 e - a scroll of fear
 f - a scroll of enchant armour
 g - a scroll of identify
 k - a scroll of remove curse
Potions
 j - a potion of agility
 l - a potion of brilliance
 m - a potion of lignification
Comestibles
 c - 5 rations


   Skills:
 - Level 2.1 Fighting
 * Level 3.7 Long Blades
 + Level 2.8 Dodging
 - Level 2.0 Spellcasting
 + Level 3.3 Charms


You had one spell level left.
You knew the following spells:

 Your Spells              Type           Power        Failure   Level  Hunger
a - Infusion              Chrm           ##..         6%          1    ##.....
b - Regeneration          Chrm/Necr      #.........   34%         3    ####...
c - Song of Slaying       Chrm           ##......     9%          2    ###....

Your spell library contained the following spells:

 Spells                   Type           Power        Failure   Level  Hunger
 Shroud of Golubria       Chrm/Tloc      #.....       19%         2    ###....
 Spectral Weapon          Hex/Chrm       #.......     34%         3    ####...


Dungeon Overview and Level Annotations

Branches:
Dungeon (3/15)

Altars:
Fedhas
Hepliaklqana
Nemelex Xobeh
Trog
Wu Jian
Xom
The Shining One


Innate Abilities, Weirdness & Mutations

Your plain brown scales are hard. (AC +5)
You cannot fit into any form of body armour.
You are cold-blooded and may be slowed by cold attacks.


Message History

You hit something! Something hits you but does no damage.
You hit something.
You hear the slow rusting of a distant drain.
Something hits you.
* * * LOW HITPOINT WARNING * * *
Something shocks you.
* * * LOW HITPOINT WARNING * * *
Okay, then.
Your magical infusion is running out.
You are no longer magically infusing your attacks.
A sky beast appears from thin air!
Reactivating autopickup.
You closely miss the sky beast.
The sky beast is almost dead.
The sky beast flickers out of sight!
Deactivating autopickup; reactivate with Ctrl-A.
Something hits you.
* * * LOW HITPOINT WARNING * * *
Something shocks you.
You die...

#..# #..# #..# #..#
#..#######.#
#..........# #.
#.##########
#...###.######
#.......@{...#
##.####.##.#.########
#.._..........#
###†.#.######.#
##...# ###.# #
#.######.# .#
#........# ###.###
#)######.# .......


There were no monsters in sight!

Vanquished Creatures
  2 adders (D:2)
  3 worms (D:2)
  3 dart slugs
  2 leopard geckos (D:2)
  5 orcs (D:3)
  3 bats
  5 giant cockroaches
  6 goblins
  10 hobgoblins
  7 kobolds
  5 quokkas
  A ball python (D:2)
  3 frilled lizards
  2 rats
57 creatures vanquished.

Notes
Turn   | Place    | Note
-------+----------+-------------------------------------------
     0 | D:1      | KristoblXynda the Draconian Skald began the quest for the
                  | Orb.
     0 | D:1      | Reached XP level 1. HP: 17/17 MP: 3/3
   265 | D:1      | Reached XP level 2. HP: 13/24 MP: 5/5
   682 | D:1      | Reached XP level 3. HP: 15/29 MP: 6/6
  1135 | D:2      | Found a sparkling altar of Nemelex Xobeh.
  1198 | D:2      | Learned a level 3 spell: Regeneration
  1277 | D:2      | Learned a level 2 spell: Song of Slaying
  1394 | D:2      | Reached XP level 4. HP: 28/36 MP: 7/7
  1625 | D:2      | Found an ornate altar of the Wu Jian Council.
  1980 | D:2      | Found a glowing golden altar of the Shining One.
  2051 | D:3      | Found a shimmering altar of Xom.
  2052 | D:3      | Found a hazy altar of Hepliaklqana.
  2052 | D:3      | Noticed a wyvern
  2053 | D:3      | Noticed a wyvern
  2053 | D:3      | Noticed a spectral ugly thing
  2335 | D:3      | Found a blossoming altar of Fedhas.
  2335 | D:3      | You fall into a shaft and drop 2 floors!
  2335 | D:5      | Entered Level 5 of the Dungeon
  2345 | D:5      | Found a glowing golden altar of the Shining One.
  2364 | D:5      | Found a bloodstained altar of Trog.
  2365 | D:5      | Noticed a sky beast
  2400 | D:5      | Slain by a sky beast

Levels and vault maps discovered:
D:1:      tarquinn_simple_flora_water_a, layout_basic
D:2:      layout_loops_ring, lemuel_crystal_altar, lemuel_round_altar,
          nicolae_tso_swordbearing_angel
D:3:      layout_loops_ring, regret_index_temple_of_mockery, fedhas_altar_2,
          chequers_mini_garden, uniq_ijyb, uniq_natasha
D:5:      layout_loops_ring, lemuel_round_altar, overflow_temple_1_default,
          first_ration, cheibrodos_sewer_entry_bend, basic_altar,
          kennysheep_diamond, grunt_gozag_statues

Skill      XL: |  1  2  3 |
---------------+----------+-----
Charms         | 3 |  3.3
Long Blades    | 3 |  3.7
Fighting       | |  2.1
Dodging        | |  2.8
Spellcasting   | |  2.0

Action                   |  1- 3 |  4- 6 || total
-------------------------+-------+-------++-------
Melee: Falchion          |   115 |    88 ||   203
       Tailslap          |    12 |    14 ||    26
 Cast: Infusion          |       |     3 ||     3
       Song of Slaying   |       |     1 ||     1
  Use: Scroll            |       |     8 ||     8
       Potion            |       |     1 ||     1
 Stab: Sleeping          |       |     1 ||     1
  Eat: Chunk             |     2 |     3 ||     5
Armor: Skin              |    40 |    28 ||    68
Dodge: Dodged            |    83 |    52 ||   135
       Rpst.: Falchion   |    30 |    17 ||    47

Table legend:
 A = Non-vault XP
 B = Vault XP
 C = Vault XP percentage of total XP
 D = Non-vault monster count
 E = Vault monster count
 F = Vault count percentage of total count
                 A         B        C        D         E       F
            +---------+---------+-------+---------+---------+-------
      Total |     149 |       0 |   0.0 |      57 |       0 |   0.0
            +---------+---------+-------+---------+---------+-------
        D:1 |      46 |       0 |   0.0 |      23 |       0 |   0.0
        D:2 |      77 |       0 |   0.0 |      23 |       0 |   0.0
        D:3 |      24 |       0 |   0.0 |      10 |       0 |   0.0
        D:5 |       2 |       0 |   0.0 |       1 |       0 |   0.0
            +---------+---------+-------+---------+---------+-------
